 Dungeon Crawl Stone Soup version 0.32-a0-350-g4f4d228785 (webtiles) character file.

Game seed: 5369475108498807137

241311 Sobieck the Warrior (level 19, 0/215 HPs)
             Began as an Oni Fire Elementalist on Feb 17, 2024.
             Was the Champion of Vehumet.
             Slain by an Executioner (4 damage)
             ... on level 4 of the Abyss.
             The game lasted 02:18:01 (49287 turns).

Sobieck the Warrior (Oni Fire Elementalist)        Turns: 49287, Time: 02:18:01

Health: 0/215      AC:  6    Str: 17    XL:     19   Next: 80%
Magic:  32/39      EV: 14    Int: 28    God:    Vehumet [******]
Gold:   830        SH:  0    Dex:  9    Spells: 9/50 levels left

rFire   . . .        i - staff of air
rCold   . . .        (no shield)
rNeg    . . .        h - +0 troll leather armour
rPois   .            (helmet restricted)
rElec   +            y - +1 cloak of Starlight {*Dazzle EV+4 Stlth--}
rCorr   .            (gloves unavailable)
SInv    .            (boots unavailable)
Will    ++...        r - amulet of regeneration Stlth
                     C - +6 ring of intelligence
HPRegen 2.15/turn    m - ring of willpower
MPRegen 0.26/turn

%: no passive effects
@: about to teleport, contaminated, glowing
A: large, unfitting armour, horns 1, tough skin 1, double potion healing,
drunken brawling, inability to read after injury 1
}: 1/15 runes: serpentine
a: Renounce Religion


You were on level 4 of the Abyss.
You worshipped Vehumet.
Vehumet was exalted by your worship.
You visited 6 branches of the dungeon, and saw 30 of its levels.
You visited the Abyss 1 time.
You also visited: Sewer.

You collected 2775 gold pieces.
You spent 1945 gold pieces at shops.

Inventory:

Missiles
 t - 16 boomerangs
 v - 10 javelins
 w - 34 large rocks
 F - 5 curare-tipped darts
 Z - 6 throwing nets
Armour
 b - a +3 kite shield
 h - a +0 troll leather armour (worn)
 y - the +1 cloak of Starlight (worn) {*Dazzle EV+4 Stlth--}
   (You bought it in a shop on level 7 of the Dungeon)

   *Dazzle:   It may blind those who miss an attack against the wearer in melee
   combat.
   EV+4:      It affects your evasion (+4).
   Stlth--:   It makes you much less stealthy.
 Y - a +2 robe of willpower
Magical Staves
 e - a staff of alchemy
 i - a staff of air (weapon)
Jewellery
 g - a ring of resist corrosion
 m - a ring of willpower (right hand)
 n - a ring of positive energy
 o - a ring of poison resistance
 q - a ring of ice
 r - an amulet of regeneration (around neck)
 u - a ring of wizardry
 C - a +6 ring of intelligence (left hand)
 W - a +6 ring of dexterity
Wands
 B - a wand of roots (23)
 D - a wand of digging (9)
 P - a wand of paralysis (22)
 V - a wand of flame (21)
Scrolls
 c - 3 scrolls of revelation
 k - a scroll of butterflies
 p - 4 scrolls of vulnerability
 s - 6 scrolls of fear
 z - 2 scrolls of fog
 G - 6 scrolls of poison
 N - a scroll of blinking
 R - 9 scrolls of identify
 S - 4 scrolls of immolation
 T - 4 scrolls of teleportation
 U - a scroll of brand weapon
Potions
 a - a potion of magic
 d - 4 potions of invisibility
 l - 7 potions of mutation
 x - 4 potions of attraction
 A - 6 potions of resistance
 E - a potion of ambrosia
 H - 3 potions of haste
 I - 3 potions of berserk rage
 J - 7 potions of brilliance
 L - 5 potions of lignification
 M - 2 potions of enlightenment
 O - 2 potions of might
 Q - 14 potions of curing
 X - 2 potions of cancellation
Miscellaneous
 K - a phantom mirror


   Skills:
 - Level 19.0 Fighting
 - Level 5.0 Dodging
 - Level 1.4 Stealth
 - Level 16.0 Spellcasting
 - Level 15.0 Conjurations
 - Level 10.0 Necromancy
 - Level 15.0 Fire Magic
 + Level 13.3 Air Magic
 - Level 3.0 Alchemy


You had 9 spell levels left.
You knew the following spells:

 Your Spells              Type           Power      Damage    Failure   Level
a - Foxfire               Conj/Fire      100%       2x1d9     0%          1
b - Scorch                Fire           100%       2d9       0%          2
c - Flame Wave            Conj/Fire      82%        2d18      1%          4
d - Plasma Beam           Fire/Air       50%        2x1d65    1%          6
e - Starburst             Conj/Fire      41%        6d12      1%          6
f - Irradiate             Conj/Alch      32%        3d22      1%          5
g - Maxwell's Capacitive  Air            49%        ∞         19%         8
h - Orb of Destruction    Conj           41%        9d11      1%          7
A - Sublimation of Blood  Necr           68%        N/A       1%          2

Your spell library contained the following spells:

 Spells                   Type           Power      Damage    Failure   Level
 Necrotise                Necr           100%       1d9       1%          1
 Sting                    Conj/Alch      100%       1d9       1%          1
 Mercury Vapours          Alch/Air       100%       N/A       1%          2
 Fugue of the Fallen      Necr           68%        N/A       1%          3
 Inner Flame              Hex/Fire       59%        N/A       1%          3
 Mephitic Cloud           Conj/Alch/Air  88%        N/A       1%          3
 Stone Arrow              Conj/Erth      100%       3d13      1%          3
 Volatile Blastmotes      Fire/Tloc      100%       2d18      1%          3
 Brom's Barrelling Bould  Conj/Erth      59%        2d7       1%          4
 Summon Lightning Spire   Summ/Air       74%        N/A       1%          4
 Fireball                 Conj/Fire      41%        3d17      1%          5
 Freezing Cloud           Conj/Ice/Air   42%        6-21      1%          5
 Iskenderun's Battlesphe  Conj           82%        2d13      1%          5
 Conjure Ball Lightning   Conj/Air       50%        3x3d17    1%          6
 Apportation              Tloc           44%        N/A       2%          1
 Summon Small Mammal      Summ           88%        N/A       2%          1
 Jinxbite                 Hex            44%        N/A       4%          2
 Bombard                  Conj/Erth      29%        9d5       5%          6
 Call Canine Familiar     Summ           22%        N/A       8%          3
 Ozocubu's Armour         Ice            22%        N/A       8%          3
 Sigil of Binding         Hex            22%        N/A       8%          3
 Yara's Violent Unravell  Hex/Alch       15%        3d8       11%         5
 Leda's Liquefaction      Alch/Erth      15%        N/A       14%         4
 Petrify                  Alch/Erth      30%        N/A       14%         4
 Lee's Rapid Deconstruct  Erth           11%        3d8*      19%         5
 Animate Armour           Summ/Erth      44%        N/A       26%         4
 Dimensional Bullseye     Hex/Tloc       11%        N/A       26%         4
 Manifold Assault         Tloc           22%        N/A       26%         4
 Lehudib's Crystal Spear  Conj/Erth      29%        10d8      86%         8
 Enfeeble                 Hex            11%        N/A       100%        7


Dungeon Overview and Level Annotations

Branches:
Dungeon (15/15)            Temple (1/1) D:6            Lair (5/5) D:8
 Shoals (0/4) Lair:2        Snake (4/4) Lair:2        Slime (0/5) Lair:5
    Orc (2/2) D:9             Elf (3/3) Orc:2        Vaults (0/5) D:13
 Depths (0/4) D:15          Sewer (visited)

Altars:
Ashenzari
Cheibriados
Dithmenos
Elyvilon
Fedhas
Gozag
Hepliaklqana
Kikubaaqudgha
Makhleb
Nemelex Xobeh
Okawaru
Qazlal
Ru
Sif Muna
Trog
Uskayaw
Vehumet
Wu Jian
Xom
Yredelemnul
Zin
The Shining One
Beogh
Jiyva

Shops:
D:7 *   D:8 :   Orc:1 [((!   Orc:2 :*[((   Elf:3 !   Snake:2 ==:   Snake:4 *

Annotations:
D:2 1 runed translucent door, Crazy Yiuf
D:8 1 runed translucent door, BubbleThief's ghost, novice KoBr
Lair:4 3 runed translucent doors, Hoaki's ghost, journeyman HONe; Hohuss's ghost, journeyman MiCA; Sugi's ghost, journeyman MiFi; Uveod's ghost, journeyman FeEE
Elf:2 3 runed translucent doors


Innate Abilities, Weirdness & Mutations

You are too large for most types of armour.
You have a pair of small horns on your head.
You have tough skin. (AC +1)
You gain doubled healing and magic from potions.
Whenever you drink a healing potion, you attack all around you.
You occasionally lose the ability to read scrolls when taking damage.


Message History

* * * LOW HITPOINT WARNING * * *
The apocalypse crab barely misses you. The apocalypse crab claws you.
* * * LOW HITPOINT WARNING * * *
You are engulfed in flames!
* * * LOW HITPOINT WARNING * * *
Okay, then.
Unknown command.
Casting: Sublimation of Blood (safe; 1% risk of failure)
Confirm with . or Enter, or press ? or * to list all spells.
You erupt in a fountain of uncontrolled magic!
The Executioner is blasted with magical radiation!
The Executioner is moderately wounded.
The apocalypse crab is blasted with magical radiation!!
The apocalypse crab is heavily wounded.
The small abomination is blasted with magical radiation!!
You destroy the small abomination!
Vehumet accepts your kill.
You feel your power returning.
You are contaminated with residual magic.
The Executioner hits you.
* * * LOW HITPOINT WARNING * * *
The Executioner completely misses you. The Executioner closely misses you.
The Executioner hits you!
* * * LOW HITPOINT WARNING * * *
The Executioner hits you.
* * * LOW HITPOINT WARNING * * *
The Executioner hits you.
* * * LOW HITPOINT WARNING * * *
The apocalypse crab barely misses you.
The apocalypse crab claws you but does no damage.
The Executioner barely misses you. The Executioner hits you!
* * * LOW HITPOINT WARNING * * *
The Executioner closely misses you.
Casting: Irradiate (mildly dangerous; 1% risk of failure)
Confirm with . or Enter, or press ? or * to list all spells.
You erupt in a fountain of uncontrolled magic!
The Executioner is blasted with magical radiation!!!
The Executioner is almost dead.
The apocalypse crab is blasted with magical radiation!
The apocalypse crab is almost dead.
The Executioner hits you!!
* * * LOW HITPOINT WARNING * * *
The Executioner hits you.
* * * LOW HITPOINT WARNING * * *
The Executioner hits you but does no damage.
The Executioner hits you!
* * * LOW HITPOINT WARNING * * *
The Executioner hits you but does no damage.
The Executioner hits you.
You die...

#. .#.#.
#.##.# #.
. .. ...
...5.# .
. . ...
..######
#...# #
.# #....
# . .# ..
## ## #
##.
#..###..#
... . #
#...# ##
# ###..#
. ##.
#@.##..#
§ #1t#
#..#
#..## ..#
. #.#. ##
. ## # #
..# .


You could see an Executioner (fast) and an apocalypse crab.

Vanquished Creatures
  Saint Roka (Snake:3)
  Vashnia (Snake:2)
  A deep elf blademaster (Elf:3)
  Roxanne (Snake:2)
  3 nagarajas
  A fire giant (D:15)
  2 deep elf sorcerers
  Louise (D:15)
  A cacodemon (Abyss:4)
  3 deep elf elementalists (Elf:3)
  2 orc warlords
  4 deep elf demonologists (Elf:3)
  7 deep elf death magi
  Nessos (D:14)
  5 deep elf annihilators (Elf:3)
  A bunyip (Abyss:3)
  Snorg (D:9)
  A deep elf high priest (Elf:3)
  Harold (Lair:2)
  A great orb of eyes (Abyss:4)
  5 hydras
  An ogre mage (D:15)
  Fannar (Orc:1)
  9 salamander tyrants
  2 vault guards (D:13)
  4 catoblepae (Lair:5)
  Erolcha (D:9)
  A rakshasa (Abyss:4)
  5 centaur warriors
  12 anacondas
  15 dancing weapons
  3 tengu warriors
  4 two-headed ogres
  Erica (D:10)
  3 boulder beetles
  A deep troll earth mage (D:15)
  18 death yaks
  20 naga warriors
  25 naga sharpshooters
  4 orc high priests
  21 deep elf knights
  Sonja (D:10)
  4 shock serpents
  3 skysharks (Lair:5)
  8 salamander mystics
  8 skeletal warriors
  12 naga ritualists
  7 mana vipers
  17 deep elf archers
  2 arcanists (D:13)
  2 necromancers (D:13)
  Pikel (D:9)
  6 orc knights
  24 deep elf zephyrmancers
  Maurice (D:10)
  22 deep elf pyromancers
  3 manticores
  14 ugly things
  4 cyclopes
  7 orc sorcerers
  A merfolk siren (Lair:2)
  21 salamanders
  4 kobold blastminers (Orc:2)
  3 guardian serpents
  8 elephants
  51 black mambas
  2 gargoyles (D:12)
  12 cane toads
  Maggie (D:7)
  11 naga magi
  3 unseen horrors
  3 rime drakes
  A large abomination (Abyss:4)
  5 komodo dragons
  4 kobold demonologists
  Psyche (D:9)
  3 tengu conjurers
  A freezing wraith (D:10)
  4 trolls
  19 blink frogs
  A polar bear (Lair:5)
  A polar bear (shapeshifter) (D:15)
  A hornet (D:10)
  3 raiju (Abyss:4)
  A shadow (D:11)
  13 slime creatures
  3 water elementals
  4 air elementals
  3 wraiths
  2 fire elementals
  3 wyverns
  Grum (Lair:1)
  5 basilisks
  30 yaks
  Eustachio (D:6)
  A neqoxec (Abyss:3)
  16 humans (D:13)
  7 vampire mosquitoes
  A warg (Orc:1)
  Menkaure (D:7)
  A small abomination (Abyss:4)
  Edmund (D:6)
  43 nagas
  15 water moccasins
  37 orc warriors
  2 ice beasts
  A sky beast (D:7)
  Pargi (Sewer)
  A black bear (shapeshifter) (D:15)
  2 black bears (D:7)
  2 laughing skulls (D:15)
  A boggart (Abyss:4)
  3 ogres
  26 wolves
  An ogre (shapeshifter) (Elf:2)
  4 lemures
  14 centaurs
  3 phantoms
  4 kobold brigands
  A brain worm (Sewer)
  12 bullfrogs
  A gnoll sergeant (D:11)
  4 scorpions
  11 wights
  3 killer bees (D:9)
  8 howler monkeys
  A lava snake (Lair:5)
  2 bombardier beetles (D:4)
  A jelly (D:6)
  23 orc priests
  2 gnoll boudas
  2 hounds (D:6)
  2 sleepcaps (D:6)
  Ijyb (D:5)
  Terence (D:5)
  4 iguanas
  32 orc wizards
  11 gnolls
  9 adders
  2 shadow imps (D:6)
  2 white imps (D:6)
  2 ufetubi (D:6)
  3 dart slugs
  91 orcs
  5 ball pythons
  14 bats
  8 endoplasms
  A giant cockroach (D:3)
  9 goblins
  9 hobgoblins
  3 jackals (D:2)
  26 kobolds
  5 quokkas
  2 frilled lizards
  10 rats
  2 foxfires (Orc:2)
1084 creatures vanquished.

Vanquished Creatures (collateral kills)
  15 foxfires
15 creatures vanquished.

Vanquished Creatures (others)
  A deep elf knight (Elf:1)
  An orc warrior (D:6)
  2262 foxfires
2264 creatures vanquished.

Grand Total: 3363 creatures vanquished

Notes
Turn   | Place    | Note
-------+----------+-------------------------------------------
     0 | D:1      | Sobieck the Oni Fire Elementalist began the quest for the
                  | Orb.
     0 | D:1      | Reached XP level 1. HP: 16/16 MP: 3/3
    18 | D:1      | Reached skill level 1 in Conjurations
   149 | D:1      | Reached XP level 2. HP: 26/26 MP: 1/5
   158 | D:1      | Learned a level 2 spell: Scorch
   340 | D:1      | Reached skill level 1 in Fighting
   621 | D:1      | Reached XP level 3. HP: 33/33 MP: 4/7
   737 | D:1      | Found a faded altar of an unknown god.
   804 | D:1      | Reached skill level 3 in Fire Magic
  1262 | D:1      | Reached skill level 3 in Spellcasting
  1671 | D:2      | Reached XP level 4. HP: 42/42 MP: 3/8
  1868 | D:2      | Reached skill level 2 in Fighting
  1893 | D:2      | Noticed a scorpion
  1903 | D:2      | Killed a scorpion
  1904 | D:2      | Reached XP level 5. HP: 33/50 MP: 0/10
  2379 | D:2      | Found a runed translucent door.
  2380 | D:2      | Noticed Crazy Yiuf
  2677 | D:3      | Found a snail-covered altar of Cheibriados.
  2711 | D:3      | Noticed Terence
  2796 | D:3      | Reached skill level 3 in Conjurations
  2957 | D:3      | Found a sacrificial altar of Ru.
  3228 | D:3      | Found a broken altar of Ashenzari.
  3228 | D:3      | Found a burning altar of Makhleb.
  3452 | D:3      | Reached skill level 3 in Fighting
  3452 | D:3      | Reached XP level 6. HP: 61/61 MP: 8/11
  3564 | D:3      | Found a bloodstained altar of Trog.
  4142 | D:4      | Reached XP level 7. HP: 62/68 MP: 13/13
  4934 | D:4      | Reached skill level 4 in Fighting
  5166 | D:5      | Entered Level 5 of the Dungeon
  5518 | D:5      | Found a glowing drain.
  5527 | Sewer    | Entered a sewer
  5606 | Sewer    | Reached XP level 8. HP: 76/79 MP: 8/15
  5678 | Sewer    | Noticed Pargi
  5689 | Sewer    | Killed Pargi
  5690 | Sewer    | Reached skill level 5 in Fighting
  5886 | D:5      | Noticed Ijyb
  5891 | D:5      | Killed Ijyb
  6091 | D:5      | Killed Terence
  6490 | D:6      | Found a basalt altar of Yredelemnul.
  6511 | D:6      | Noticed Eustachio
  6522 | D:6      | Killed Eustachio
  6678 | D:6      | Reached skill level 6 in Conjurations
  6768 | D:6      | Found a staircase to the Ecumenical Temple.
  6778 | Temple   | Entered the Ecumenical Temple
  6820 | Temple   | Became a worshipper of Vehumet
  6883 | D:6      | Reached skill level 6 in Fighting
  7114 | D:6      | Found a shimmering altar of Xom.
  7209 | D:6      | Noticed Edmund
  7220 | D:6      | Killed Edmund
  7221 | D:6      | Reached XP level 9. HP: 70/91 MP: 5/17
  7501 | D:6      | Reached skill level 6 in Spellcasting
  7506 | D:6      | Learned a level 4 spell: Flame Wave
  7580 | D:6      | Learned a level 2 spell: Sublimation of Blood
  8104 | D:7      | Noticed Menkaure
  8110 | D:7      | Killed Menkaure
  8339 | D:7      | Reached skill level 7 in Fighting
  8787 | D:7      | Found a glowing golden altar of the Shining One.
  8810 | D:7      | Noticed Maggie
  8835 | D:7      | Killed Maggie
  8836 | D:7      | Reached skill level 6 in Fire Magic
  9162 | D:7      | Found Nen Asipp's General Store.
  9179 | D:7      | Bought the +1 cloak of Starlight {*Dazzle EV+4 Stlth--} for
                  | 305 gold pieces
  9179 | D:7      | Found the +1 cloak of Starlight {*Dazzle EV+4 Stlth--}
  9471 | D:7      | Reached * piety under Vehumet
  9471 | D:7      | Offered knowledge of Kiss of Death by Vehumet.
  9478 | D:7      | Reached XP level 10. HP: 89/104 MP: 7/20
  9600 | D:7      | Reached skill level 8 in Fighting
  9916 | D:8      | Found Mibbot's Book Shoppe.
 10047 | D:8      | Found an ornate altar of the Wu Jian Council.
 10380 | D:8      | Found a glowing silver altar of Zin.
 10680 | D:8      | Found an opulent altar of Gozag.
 10718 | D:8      | Found a staircase to the Lair.
 11025 | D:8      | Identified the +6 trident "Xuetirra" {flame, rPois rF+ rC+
                  | rCorr}
 11026 | D:8      | Found a runed translucent door.
 11026 | D:8      | Noticed BubbleThief's ghost (novice KoBr)
 11522 | D:9      | Noticed Pikel
 11535 | D:9      | Killed Pikel
 11714 | D:9      | Reached skill level 9 in Conjurations
 11898 | D:9      | Noticed Psyche
 11903 | D:9      | Noticed a two-headed ogre
 11903 | D:9      | Killed Psyche
 11904 | D:9      | Reached skill level 9 in Fighting
 11910 | D:9      | Killed a two-headed ogre
 11910 | D:9      | Reached ** piety under Vehumet
 11910 | D:9      | Offered knowledge of Sandblast by Vehumet.
 12210 | D:9      | Noticed Erolcha
 12220 | D:9      | Killed Erolcha
 12221 | D:9      | Reached XP level 11. HP: 115/115 MP: 16/23
 12415 | D:9      | Found a staircase to the Orcish Mines.
 12476 | D:10     | Entered Level 10 of the Dungeon
 12509 | D:10     | Noticed Maurice
 12520 | D:10     | Noticed a two-headed ogre
 12539 | D:10     | Killed Maurice
 12812 | D:10     | Noticed Erica
 12817 | D:10     | Killed Erica
 12818 | D:10     | Reached skill level 10 in Fighting
 12996 | D:8      | Bought a book of Fire for 384 gold pieces
 13169 | D:10     | Found a sparkling altar of Nemelex Xobeh.
 13385 | D:10     | Killed a two-headed ogre
 13386 | D:10     | Reached skill level 9 in Spellcasting
 13635 | D:10     | Noticed Sonja
 13647 | D:10     | Killed Sonja
 14220 | D:10     | Learned a level 6 spell: Starburst
 14226 | D:10     | Learned a level 5 spell: Irradiate
 14291 | Lair:1   | Entered Level 1 of the Lair of Beasts
 14381 | Lair:1   | Offered knowledge of Stone Arrow by Vehumet.
 14496 | Lair:1   | Noticed Grum
 14502 | Lair:1   | Reached skill level 1 in Alchemy
 14503 | Lair:1   | Killed Grum
 15436 | Lair:2   | Reached XP level 12. HP: 112/128 MP: 18/25
 15504 | Lair:2   | Reached *** piety under Vehumet
 15505 | Lair:2   | Reached skill level 11 in Fighting
 15873 | Lair:2   | Found a staircase to the Shoals.
 16237 | Lair:2   | Noticed Harold
 16238 | Lair:2   | Offered knowledge of Airstrike by Vehumet.
 16254 | Lair:2   | Reached skill level 1 in Necromancy
 16338 | Lair:2   | Killed Harold
 16522 | Lair:2   | Found a staircase to the Snake Pit.
 16944 | Lair:3   | Reached skill level 3 in Alchemy
 17577 | Lair:3   | Noticed a seven-headed hydra
 17592 | Lair:3   | Killed a seven-headed hydra
 17593 | Lair:3   | Reached skill level 12 in Conjurations
 17617 | Lair:3   | Reached skill level 9 in Fire Magic
 17628 | Lair:3   | Reached skill level 12 in Fighting
 17635 | Lair:3   | Reached skill level 3 in Necromancy
 18050 | Lair:3   | Reached XP level 13. HP: 108/140 MP: 11/27
 18057 | Lair:3   | Reached **** piety under Vehumet
 18899 | Lair:4   | Reached skill level 1 in Air Magic
 19233 | Lair:4   | Learned a level 6 spell: Plasma Beam
 19437 | Lair:4   | Offered knowledge of Frozen Ramparts by Vehumet.
 19582 | Lair:4   | Found a runed translucent gate.
 19583 | Lair:4   | Found a runed translucent gate.
 19584 | Lair:4   | Found a runed translucent gate.
 19585 | Lair:4   | Noticed Hohuss's ghost (journeyman MiCA)
 19586 | Lair:4   | Noticed Sugi's ghost (journeyman MiFi)
 19586 | Lair:4   | Noticed Sugi's ghost (journeyman MiFi)
 19586 | Lair:4   | Noticed Hoaki's ghost (journeyman HONe)
 19586 | Lair:4   | Noticed Uveod's ghost (journeyman FeEE)
 19982 | Lair:4   | Reached skill level 3 in Air Magic
 20253 | Lair:4   | Reached skill level 12 in Spellcasting
 21463 | Lair:5   | Entered Level 5 of the Lair of Beasts
 22288 | Lair:5   | Reached skill level 6 in Air Magic
 22416 | Lair:5   | Reached XP level 14. HP: 87/149 MP: 3/31
 24139 | Lair:5   | Found a staircase to the Slime Pits.
 24140 | Lair:5   | Found a viscous altar of Jiyva.
 24414 | Lair:5   | Reached skill level 9 in Air Magic
 24492 | Lair:5   | Reached ***** piety under Vehumet
 24569 | Lair:5   | Offered knowledge of Ignite Poison by Vehumet.
 25444 | Orc:1    | Entered Level 1 of the Orcish Mines
 25444 | Orc:1    | Noticed Snorg
 25444 | Orc:1    | Found Nuipoizo's Antique Armour Boutique.
 25444 | Orc:1    | Found a roughly hewn altar of Beogh.
 25450 | D:9      | Killed Snorg
 26159 | Orc:1    | Noticed Fannar
 26162 | Orc:1    | Killed Fannar
 26276 | Orc:1    | Found Urphempu's Weapon Shoppe.
 26339 | Orc:1    | Found Catigish's Weapon Shop.
 26394 | Orc:1    | Found Rirut's Distillery.
 26554 | Orc:2    | Entered Level 2 of the Orcish Mines
 26732 | Orc:2    | Noticed an orc warlord
 26742 | Orc:1    | Killed an orc warlord
 27027 | Orc:1    | Reached XP level 15. HP: 146/156 MP: 5/33
 27546 | Orc:2    | Offered knowledge of Sticky Flame by Vehumet.
 27948 | Orc:2    | Found a staircase to the Elven Halls.
 27961 | Orc:2    | Found Doul's Weapon Shop.
 28099 | Orc:2    | Noticed an orc warlord
 28536 | Orc:2    | Killed an orc warlord
 28715 | Orc:2    | Found Qoseong's Antique Armour Boutique.
 28716 | Orc:2    | Found Vyx Xuyf's Antique Weapon Shop.
 28718 | Orc:2    | Found Iqiotoir's General Store.
 28718 | Orc:2    | Found Pus Jor's Book Boutique.
 28735 | Orc:2    | Bought a book of the Spheres for 896 gold pieces
 28743 | Orc:2    | Learned a level 7 spell: Orb of Destruction
 31141 | D:12     | You fall into a shaft and drop 2 floors!
 31418 | D:13     | Reached skill level 12 in Fire Magic
 31418 | D:13     | Reached skill level 12 in Air Magic
 32718 | D:13     | Reached ****** piety under Vehumet
 33166 | D:13     | Offered knowledge of Arcjolt by Vehumet.
 33320 | D:13     | Found a gate to the Vaults.
 33595 | D:14     | Noticed Nessos
 33729 | D:14     | Killed Nessos
 33949 | D:14     | Reached XP level 16. HP: 165/165 MP: 31/34
 35038 | D:15     | Entered Level 15 of the Dungeon
 35421 | D:15     | Noticed Louise
 35424 | D:15     | Killed Louise
 35950 | D:15     | Found the +3 Mad Mage's Maulers {Infuse+∞ VampMP -Cast}
 36023 | D:15     | Offered knowledge of Ozocubu's Refrigeration by Vehumet.
 36468 | D:15     | Found a staircase to the Depths.
 36904 | Elf:1    | Entered Level 1 of the Elven Halls
 37417 | Elf:1    | Paralysed by an air elemental for 1 turns
 38091 | Snake:1  | Entered Level 1 of the Snake Pit
 38887 | Snake:1  | Reached skill level 6 in Necromancy
 39688 | Snake:2  | Noticed a nagaraja
 39863 | Snake:2  | Reached XP level 17. HP: 143/172 MP: 13/35
 39871 | Snake:2  | Noticed Vashnia
 40109 | Snake:2  | Killed Vashnia
 40508 | Snake:2  | Found Byudaefur's Jewellery Shoppe.
 40510 | Snake:2  | Found Witeoh's Book Shop.
 40511 | Snake:2  | Found Ejedghana's Jewellery Shoppe.
 40516 | Snake:2  | Bought an amulet of regeneration for 360 gold pieces
 41239 | Snake:2  | Reached skill level 15 in Conjurations
 41289 | Snake:2  | Noticed Roxanne
 41362 | Snake:2  | Reached skill level 15 in Fire Magic
 41677 | Snake:2  | Killed Roxanne
 42015 | Snake:2  | Offered knowledge of Spellforged Servitor by Vehumet.
 42133 | Snake:3  | Noticed Saint Roka
 42279 | Snake:3  | Reached skill level 13 in Fighting
 43098 | Snake:3  | Reached skill level 14 in Fighting
 43603 | Snake:3  | Killed Saint Roka
 43879 | Snake:4  | Entered Level 4 of the Snake Pit
 43962 | Snake:4  | Reached skill level 9 in Necromancy
 43965 | Snake:4  | Reached XP level 18. HP: 178/189 MP: 24/36
 44307 | Snake:4  | Found Wusehou's Assorted Antiques.
 45120 | Snake:4  | Reached skill level 15 in Fighting
 45449 | Snake:4  | Offered knowledge of Eringya's Noxious Bog by Vehumet.
 45451 | Snake:4  | Reached skill level 16 in Fighting
 46077 | Snake:4  | Reached skill level 17 in Fighting
 46199 | Snake:4  | Got a serpentine rune of Zot
 46657 | Elf:1    | Reached skill level 15 in Spellcasting
 47009 | Elf:1    | Reached XP level 19. HP: 210/210 MP: 34/38
 47443 | Elf:2    | Reached skill level 18 in Fighting
 47768 | Elf:2    | Found a runed translucent gate.
 47769 | Elf:2    | Found a runed translucent gate.
 47769 | Elf:2    | Found a runed translucent gate.
 47933 | Elf:3    | Entered Level 3 of the Elven Halls
 47936 | Elf:3    | Offered knowledge of Maxwell's Capacitive Coupling by
                  | Vehumet.
 47937 | Elf:3    | Reached skill level 3 in Dodging
 48149 | Elf:3    | Found Demu's Distillery.
 48411 | Elf:2    | Learned a level 8 spell: Maxwell's Capacitive Coupling
 48902 | Elf:3    | Identified the ring of Zyth {rF+ rC+ Will+ MP+9}
 48968 | Elf:3    | Reached skill level 19 in Fighting
 49036 | Elf:3    | Identified the ring "Qirghivay" {rPois rF+ MP+9 AC+4 Dex-5}
 49041 | Abyss:3  | Cast into level 3 of the Abyss (a deep elf sorcerer)
 49072 | Abyss:3  | Found a corrupted altar of Lugonu.
 49126 | Abyss:3  | Found a corrupted altar of Lugonu.
 49266 | Abyss:4  | Gained mutation: You occasionally lose the ability to read
                  | scrolls when taking damage. [a cacodemon]
 49287 | Abyss:4  | HP: 4/215 [Executioner (17)]
 49287 | Abyss:4  | Slain by an Executioner

Illustrated notes

Levels and vault maps discovered:
D:1:      sevenhm_arrival_forest_fort_small_3, layout_basic,
          dilly_ecumenical_altar_fadedgnrine
D:2:      layout_rooms, uniq_crazy_yiuf_cottage
D:3:      layout_loops_ring, nicolae_ru_great_annihilating_truth, bloody_trog,
          grunt_temple_overflow_open, lemuel_tele_altar, uniq_terence
D:4:      layout_basic
D:5:      layout_loops_ring, portal_sewer_entry_d, kennysheep_flooded_box,
          uniq_ijyb
D:6:      layout_gridville, mainiacjoe_overflow_cross_hatched,
          xom_confusion_cloud, minmay_temple_entry_waves, dk_noncrumbling_3,
          uniq_edmund, uniq_eustachio
D:7:      layout_basic, tso_metal_star, serial_shops, shop, chequers_jeans,
          minivault_23, nicolae_figureground_pulse, uniq_menkaure, uniq_maggie
D:8:      minmay_evil_eye, layout_loops_ring, nicolae_overflow_crystal_walls,
          lemuel_doored_altar, mainiacjoe_overflow_concentric_impassable,
          serial_shops, shop, ebering_ghost_funeral_grove
D:9:      layout_gridville, orc_0_dummy, uniq_erolcha, uniq_psyche, uniq_pikel
D:10:     layout_stronghold, nemelex_altar_shiori, kennysheep_just_a_vault,
          uniq_sonja, uniq_erica, uniq_maurice
D:11:     hellmonk_crumbling_castle, layout_basic
D:12:     layout_stronghold, serial_column_ruins, column_ruins_grid_1,
          column_ruins_grid_3, column_ruins_corridor_straight,
          column_ruins_corridor_straight
D:13:     layout_cave_pools, grunt_vaults_entry_tiered
D:14:     layout_loops_ring, amcnicky_mini_pool_small, uniq_nessos
D:15:     hellmonk_depths_entry_around_the_bend, layout_loops_ring,
          serial_aquarium, aquarium_bridge_long_joined
          [aquarium_subvault_window, aquarium_subvault_bridge,
          aquarium_subvault_balcony, aquarium_subvault_balcony,
          aquarium_subvault_bridge, aquarium_subvault_wall],
          aquarium_window_corridor_2, aquarium_window_corner, aquarium_window_1,
          aquarium_window_fake, aquarium_view_2c, aquarium_view_2a,
          aquarium_pool_2, uniq_louise
Temple:   cyrus_temple_forest
Lair:1:   layout_loops_ring, uniq_grum
Lair:2:   layout_regular_city, minmay_shoals_entry_lonely_mermaid,
          guppyfry_snake_entry_garden, uniq_harold
Lair:3:   layout_chaotic_city, hangedman_lair_generics_rect
Lair:4:   layout_cave_pods, gammafunk_ghost_cemetery, grunt_megastairs_2
Lair:5:   evilmike_catoblepas_cave, layout_gridlike, slime_entry_1,
          serial_rivers, chequers_serial_rivers_micro_d,
          chequers_serial_rivers_micro_b, chequers_serial_rivers_micro_e,
          chequers_serial_rivers_micro_c, chequers_serial_rivers_small_b,
          chequers_serial_rivers_micro_a, st_stairs_12
Snake:1:  layout_gridlike, nicolae_snake_guarding_the_ruins, lemuel_fruit_tree
Snake:2:  layout_onion_interference, grunt_megastairs_3, minmay_shop_grove,
          serial_bayou_shore_b, nicolae_triple_integral, uniq_vashnia,
          uniq_roxanne
Snake:3:  layout_rooms, corexii_hall_statues_i, uniq_saint_roka
Snake:4:  snake_pit, layout_onion, serial_shops, shop, grunt_ministairs_14
Orc:1:    layout_diamond_mine, serial_shops, shop, shop, shop,
          nicolae_shop_tiny_statue_garden, basic_altar, uniq_snorg, uniq_fannar
Orc:2:    st_orc_congregation, layout_caves, serial_shops,
          nicolae_shop_statue_plus, special_room
Elf:1:    elf_arrival_002, layout_geoelf_octagon, nicolae_elf_crossing_hall,
          serial_library_hellmonk_hallway_a
Elf:2:    elven_hall_of_blades_hangedman_original [nicolae_blade_tridents],
          layout_geoelf_diagonals, glass_columns_c, uniq_donald
Elf:3:    grunt_elf_hall_asides, layout_rooms, serial_shops,
          nicolae_shop_industrial_runoff, st_stairs_6
Abyss:4:  base: D:6, hangedman_abyss_or_decor_passed, minivault_13,
          hangedman_abyss_lost_library, nicolae_abyss_rune_left_handed

Skill      XL: |  1  2  3  4  5  6  7  8  9 10 11 12 13 14 15 16 17 18 19 |
---------------+----------------------------------------------------------+-----
Conjurations   | 1 2 3 4 5 6 8 9 11 12 14 15 | 15.0
Fighting       | 1 2 3 4 6 7 9 10 12 14 17 19 | 19.0
Fire Magic     | 3 4 5 6 7 8 9 10 12 14 15 | 15.0
Spellcasting   | 3 4 5 7 8 9 10 13 14 15 16 | 16.0
Alchemy        | 1 3 |  3.0
Necromancy     | 3 6 9 10 | 10.0
Air Magic      | 6 10 12 13 | 13.3
Dodging        | 5 |  5.0
Stealth        | |  1.4

Action                     |  1- 3 |  4- 6 |  7- 9 | 10-12 | 13-15 | 16-18 | 19-21 || total
---------------------------+-------+-------+-------+-------+-------+-------+-------++-------
  Melee: Whip              |     3 |    18 |    11 |    11 |     7 |       |       ||    50
         Headbutt          |     1 |     2 |       |     5 |     2 |       |       ||    10
   Cast: Foxfire           |    60 |   123 |   275 |   427 |   448 |    37 |       ||  1370
         Scorch            |       |     1 |    25 |    58 |    28 |    11 |       ||   123
         Flame Wave        |       |       |     6 |    15 |     1 |       |       ||    22
         Sublimation of Bl |       |       |     3 |     2 |     2 |   277 |   112 ||   396
         Starburst         |       |       |       |    21 |    28 |    10 |     2 ||    61
         Irradiate         |       |       |       |    10 |    56 |    44 |    21 ||   131
         Plasma Beam       |       |       |       |       |   262 |   363 |   124 ||   749
         Orb of Destructio |       |       |       |       |     7 |   122 |     6 ||   135
  Evoke: Wand              |       |       |       |     4 |     2 |       |       ||     6
    Use: Scroll            |       |     6 |     7 |     6 |    11 |     4 |     2 ||    36
         Potion            |       |       |       |     1 |     5 |     6 |     1 ||    13
   Stab: Sleeping          |       |     1 |       |       |       |       |       ||     1
         Paralysed         |       |       |       |     7 |       |       |       ||     7
         Invisible         |       |       |       |       |     2 |       |       ||     2
 Armour: Robe              |     9 |    22 |    47 |       |    46 |   109 |       ||   233
         Acid dragon scale |       |       |    10 |   152 |   156 |       |       ||   318
         Troll leather arm |       |       |       |       |       |   100 |    71 ||   171
  Dodge: Dodged            |     4 |    15 |    37 |   131 |   174 |   124 |    36 ||   521

Table legend: (Time is in decaauts)
 A = Elapsed time spent in this place.
 B = Non-inter-level travel time spent in this place.
 C = Inter-level travel time spent in this place.
 D = Time resting spent in this place.
 E = Time spent auto-exploring this place.
 F = Levels seen in this place.
 G = Mean time per level.
                   A        B        C        D        E       F      G
               +--------+--------+--------+--------+--------+-----+--------+
         Total |  49393 |  46687 |   2706 |  15903 |  20129 |  33 | 1496.8 |
       Dungeon |  22532 |  21443 |   1089 |   5280 |  12834 |  15 | 1502.1 |
        Temple |     83 |      1 |     82 |      0 |      0 |   1 |   83.0 |
          Lair |  11288 |  10623 |    665 |   4788 |   4222 |   5 | 2257.6 |
     Snake Pit |   8319 |   7707 |    612 |   2871 |   1501 |   4 | 2079.8 |
  Orcish Mines |   3520 |   3378 |    142 |   1850 |    738 |   2 | 1760.0 |
   Elven Halls |   3185 |   3070 |    115 |    981 |    761 |   3 | 1061.7 |
         Abyss |    245 |    245 |      0 |     45 |     61 |   2 |  122.5 |
         Sewer |    217 |    217 |      0 |     88 |     12 |   1 |  217.0 |
               +--------+--------+--------+--------+--------+-----+--------+

Top non-repeatable levels by time:
  Lair:4: 3759 daAuts
 Snake:2: 2987 daAuts
  Lair:3: 2753 daAuts
 Snake:4: 2066 daAuts
 Snake:1: 2046 daAuts
   Orc:2: 1965 daAuts
  Lair:5: 1948 daAuts
    D:13: 1892 daAuts
     D:9: 1891 daAuts
    D:10: 1785 daAuts
     D:1: 1729 daAuts
     D:6: 1682 daAuts
     D:7: 1650 daAuts
  Lair:2: 1608 daAuts
    D:14: 1603 daAuts
